 Dungeon Crawl Stone Soup version 0.23-a0-558-g30802b1 (webtiles) character file.

5 zishaf the Insei (level 1, -1/15 HPs)
             Began as a Vampire Transmuter on Dec 12, 2018.
             Slain by a hobgoblin
             ... wielding a +0 club
              (2 damage)
             ... on level 1 of the Dungeon.
             The game lasted 00:00:22 (203 turns).

zishaf the Insei (Vampire Transmuter)                Turns: 203, Time: 00:00:23

Health: -1/15      AC:  2    Str:  9    XL:     1   Next: 66%
Magic:  2/3        EV: 13    Int: 15    God:
Gold:   0          SH:  0    Dex: 14    Spells: 3/4 levels left

rFire    . . .     SeeInvis +     - Unarmed
rCold    . . .     Gourm    .   (no shield)
rNeg     + . .     Faith    .   b - +0 robe
rPois    .         Spirit   .   (no helmet)
rElec    .         Reflect  .   (no cloak)
rCorr    .         Harm     .   (no gloves)
MR       .....                  (no boots)
Stlth    ++........             (no amulet)
HPRegen  0.05/turn              (no ring)
MPRegen  0.08/turn              (no ring)

@: appendage (expiring)
A: fangs 3, horns 2, see invisible, unbreathing
a: End Transformation


You were on level 1 of the Dungeon.
You were not thirsty.
You had grown temporary horns.
You visited 1 branch of the dungeon, and saw 1 of its levels.

Inventory:

Missiles
 a - 12 arrows
Armour
 b - a +0 robe (worn)
Potions
 d - 2 potions of blood


   Skills:
 + Level 1.0 Fighting
 + Level 2.3 Dodging
 * Level 1.2 Stealth
 - Level 3.2 Unarmed Combat
 - Level 2.0 Spellcasting
 + Level 2.3 Transmutations


You had 3 spell levels left.
You knew the following spells:

 Your Spells              Type           Power        Failure   Level  Hunger
a - Beastly Appendage     Tmut           #.....       9%          1    #......

Your spell library contained the following spells:

 Spells                   Type           Power        Failure   Level  Hunger
 Sticks to Snakes         Tmut           #.......     13%         2    ###....
 Spider Form              Tmut/Pois      #.........   38%         3    ###....
 Ice Form                 Ice/Tmut       #.......     80%         4    #####..
 Blade Hands              Tmut           #.........   94%         5    ######.


Dungeon Overview and Level Annotations

Branches:
Dungeon (1/15)

Altars:


Innate Abilities, Weirdness & Mutations

You have razor-sharp teeth.
You have supernaturally acute eyesight. (SInv)
You can survive without breathing.
You have a pair of horns on your head.


Message History

You bite the jackal, but do no damage.
The jackal is almost dead.
The jackal bites you.
* * * LOW HITPOINT WARNING * * *
You barely miss the jackal. You headbutt the jackal.
You kill the jackal!
Your Stealth skill increases to level 1!
You barely miss the jackal. Your headbutt misses the jackal.
You bite the jackal.
You kill the jackal!
Your transformation is almost over.
You hit the hobgoblin but do no damage.
The hobgoblin hits you but does no damage.
You hit the hobgoblin but do no damage. Your headbutt misses the hobgoblin.
You bite the hobgoblin.
The hobgoblin is moderately wounded.
You hit the hobgoblin.
The hobgoblin is severely wounded.
The hobgoblin hits you with a +0 club.
You die...

♣♣♣♣♣♣ ...... ♣
♣♣♣♣♣ ♣P♣P♣P.
##### ♣P♣P...
#.... ♣P...⌠.
#.... ♣♣♣....
#....#########.
♣♣..P
+....g@......>.
♣♣.♣
#...###.#.######
♣.. #..
#)#......# ♣♣♣ #.
#....###.#######
..
###..##........##
..
#...##..#####...
.
##.###......#.##
#.....####.#.#
#..#### #.#


You could see a hobgoblin.

Vanquished Creatures
  3 jackals (D:1)
  A frilled lizard (D:1)
  A kobold (D:1)
5 creatures vanquished.

Notes
Turn   | Place    | Note
-------+----------+-------------------------------------------
     0 | D:1      | zishaf the Vampire Transmuter began the quest for the Orb.
     0 | D:1      | Reached XP level 1. HP: 14/14 MP: 3/3
   184 | D:1      | Reached skill level 1 in Fighting
   199 | D:1      | Reached skill level 1 in Stealth
   203 | D:1      | Slain by a hobgoblin

Vault maps used:
D:1:      psy_arrival_fountain

Skill      XL: |  1 |
---------------+----+-----
Fighting       | 1 |  1.0
Stealth        | 1 |  1.2
Dodging        | |  2.3
Unarmed Combat | |  3.2
Spellcasting   | |  2.0
Transmutations | |  2.3

Action                   || total
-------------------------++-------
Melee: Unarmed           ||    34
       Bite              ||     6
       Headbutt          ||     1
       Punch             ||     1
 Cast: Beastly Appendage ||     1
 Stab: Sleeping          ||     1
Armor: Robe              ||     4
Dodge: Dodged            ||    20

Table legend:
 A = Non-vault XP
 B = Vault XP
 C = Vault XP percentage of total XP
 D = Non-vault monster count
 E = Vault monster count
 F = Vault count percentage of total count
                 A         B        C        D         E       F
            +---------+---------+-------+---------+---------+-------
      Total |       8 |       0 |   0.0 |       5 |       0 |   0.0
            +---------+---------+-------+---------+---------+-------
        D:1 |       8 |       0 |   0.0 |       5 |       0 |   0.0
            +---------+---------+-------+---------+---------+-------
